 Dungeon Crawl Stone Soup version 0.29.1-14-g9c671dbff4 (webtiles) character file.

Game seed: 1456907105223579389

389 Smoke131 the Firebug (level 6, 0/50 HPs)
             Began as a Draconian Fire Elementalist on Feb 20, 2023.
             Slain by an orc wizard
             ... wielding a +0 dagger
              (3 damage)
             ... on level 4 of the Dungeon.
             The game lasted 00:07:56 (4356 turns).

Smoke131 the Firebug (Draconian Fire Elementalist)  Turns: 4356, Time: 00:07:57

Health: 0/50       AC:  6    Str: 16    XL:     6   Next: 50%
Magic:  3/10       EV: 12    Int: 17    God:
Gold:   199        SH:  0    Dex: 12    Spells: 8/11 levels left

rFire   . . .      SeeInvis .   q - +4 mace
rCold   . . .      Faith    .   (no shield)
rNeg    . . .      Spirit   .   (body armour unavailable)
rPois   .          Reflect  .   (helmet restricted)
rElec   .          Harm     .   (no cloak)
rCorr   .          Rampage  .   (no gloves)
Will    .....                   (no boots)
Stlth   ++........              h - amulet of magic regeneration
HPRegen 0.16/turn               r - +6 ring of strength
MPRegen 0.52/turn               (no ring)

@: very slightly contaminated
A: AC +6, unfitting armour, cold-blooded
a: no special abilities


You were on level 4 of the Dungeon.
You visited 1 branch of the dungeon, and saw 4 of its levels.

You collected 199 gold pieces.

Inventory:

Hand Weapons
 q - a +4 mace (weapon)
Missiles
 e - a throwing net
Jewellery
 h - an amulet of magic regeneration (around neck)
 o - an amulet of the acrobat
 r - a +6 ring of strength (left hand)
Scrolls
 b - 3 scrolls of immolation {unknown}
 c - a scroll of teleportation {unknown}
 d - a scroll of torment {unknown}
 f - 2 scrolls of identify {unknown}
 g - a scroll of vulnerability {unknown}
 i - a scroll of fear {unknown}
 j - 2 scrolls of poison {unknown}
 p - a scroll of fog {unknown}
Potions
 a - a potion of magic
 k - a potion of degeneration {unknown}
 l - 2 potions of curing
 m - a potion of brilliance {unknown}
 n - a potion of might {unknown}
 s - a potion of ambrosia {unknown}


   Skills:
 + Level 2.9 Fighting
 + Level 3.2 Dodging
 - Level 1.7 Stealth
 + Level 3.3 Spellcasting
 + Level 3.0 Conjurations
 + Level 4.2 Fire Magic


You had 8 spell levels left.
You knew the following spells:

 Your Spells              Type           Power      Damage    Failure   Level
a - Foxfire               Conj/Fire      60%        2x1d7     3%          1
b - Scorch                Fire           34%        2d6       4%          2

Your spell library contained the following spells:

 Spells                   Type           Power      Damage    Failure   Level
 Conjure Flame            Conj/Fire      15%        6-21      12%         3
 Inner Flame              Hex/Fire       9%         N/A       22%         3
 Flame Wave               Conj/Fire      15%        2d7       36%         4


Dungeon Overview and Level Annotations

Branches:
Dungeon (4/15)
 Temple: D:4-7

Altars:
Hepliaklqana
Wu Jian


Innate Abilities, Weirdness & Mutations

Your plain brown scales are hard. (AC +6)
You cannot fit into any form of body armour.
You are cold-blooded and may be slowed by cold attacks.


Message History

The orc wizard's fire resistance burns away.
The orc wizard hits you but does no damage.
The orc wizard barely misses you.
Casting: Scorch (safe; 4% risk of failure)
Confirm with . or Enter, or press ? or * to list all spells.
You miscast Scorch.
You are very lightly contaminated with residual magic.
Nothing appears to happen.
The orc wizard barely misses you.
The orc wizard hits you with a +0 dagger.
* * * LOW HITPOINT WARNING * * *
Casting: Scorch (safe; 4% risk of failure)
Confirm with . or Enter, or press ? or * to list all spells.
Flames lash the orc.
You kill the orc!
You hear a shout!
The orc wizard misses you. The orc wizard casts a spell at you.
The magic dart hits you.
* * * LOW HITPOINT WARNING * * *
It was a potion of curing.
You feel better.
The orc wizard is no longer more vulnerable to fire.
The orc wizard hits you with a +0 dagger.
* * * LOW HITPOINT WARNING * * *
The orc wizard hits you with a +0 dagger.
* * * LOW HITPOINT WARNING * * *
Casting: Scorch (safe; 4% risk of failure)
Confirm with . or Enter, or press ? or * to list all spells.
Flames lash the orc wizard.
The orc wizard is lightly wounded.
The orc wizard's fire resistance burns away.
The orc wizard hits you but does no damage. x2
Casting: Scorch (safe; 4% risk of failure)
Confirm with . or Enter, or press ? or * to list all spells.
Flames lash the orc.
The orc is heavily wounded.
The orc's fire resistance burns away.
The orc wizard hits you with a +0 dagger.
* * * LOW HITPOINT WARNING * * *
The orc wizard hits you with a +0 dagger.
You die...

#..r.## ..?# #.....#
..# ##....# .(# #....#
###oB# # ##.# ########
... #.#### #......# #.#
#.oro######......###..
####o@..............##
##..####.......^.##
#...###.........##
#...##...##.....##
######.).##.####.....##
#........##..........##
#.####...########.#####
#...# #.# #.[.# #.#


You could see 2 orc wizards, an orc (combustible) and a quokka.

Vanquished Creatures
  2 scorpions (D:4)
  A hound (D:3)
  An orc priest (D:2)
  An iguana (D:3)
  4 gnolls (D:3)
  4 adders
  An ufetubus (D:3)
  A worm (D:3)
  2 dart slugs (D:3)
  9 orcs
  7 ball pythons
  6 endoplasms
  4 giant cockroaches
  6 goblins
  11 hobgoblins
  2 quokkas
  4 bats
  5 frilled lizards
  8 kobolds
  10 rats
89 creatures vanquished.

Vanquished Creatures (others)
  40 foxfires
  11 fungi (D:1)
51 creatures vanquished.

Grand Total: 140 creatures vanquished

Notes
Turn   | Place    | Note
-------+----------+-------------------------------------------
     0 | D:1      | Smoke131 the Draconian Fire Elementalist began the quest
                  | for the Orb.
     0 | D:1      | Reached XP level 1. HP: 14/14 MP: 3/3
   272 | D:1      | Reached XP level 2. HP: 20/22 MP: 5/5
   310 | D:1      | Learned a level 2 spell: Scorch
   957 | D:1      | Found a faded altar of an unknown god.
   990 | D:1      | Reached skill level 1 in Fighting
  1282 | D:1      | Reached XP level 3. HP: 9/28 MP: 6/6
  2124 | D:2      | You fall into a shaft and drop 1 floor!
  2453 | D:3      | Reached XP level 4. HP: 35/35 MP: 4/7
  3299 | D:3      | Reached XP level 5. HP: 41/41 MP: 4/9
  4093 | D:4      | Reached skill level 4 in Fire Magic
  4121 | D:4      | Found an ornate altar of the Wu Jian Council.
  4206 | D:4      | Found a hazy altar of Hepliaklqana.
  4225 | D:4      | Reached XP level 6. HP: 50/50 MP: 4/10
  4353 | D:4      | HP: 1/50 [orc wizard/magic dart (4)]
  4356 | D:4      | Slain by an orc wizard

Illustrated notes

Levels and vault maps discovered:
D:1:      scummos_arrival_checkerplants, layout_rooms, basic_ecumenical_altar
D:2:      cheibrodos_pilgrimage, layout_loops_corners
D:3:      layout_basic
D:4:      minmay_opposing_rooms, layout_basic, mainiacjoe_overflow_swirl

Skill      XL: |  1  2  3  4  5  6 |
---------------+-------------------+-----
Dodging        | 2 3 |  3.2
Fighting       | 1 2 |  2.9
Conjurations   | 2 3 |  3.0
Spellcasting   | 3 |  3.3
Fire Magic     | 4 |  4.2
Stealth        | |  1.7

Action                   |  1- 3 |  4- 6 || total
-------------------------+-------+-------++-------
Melee: Unarmed           |   178 |       ||   178
       Tailslap          |    29 |     7 ||    36
       Punch             |     2 |       ||     2
       Spear             |    28 |    21 ||    49
       Mace              |       |    63 ||    63
 Cast: Foxfire           |    12 |    13 ||    25
       Scorch            |       |    25 ||    25
  Use: Potion            |       |     1 ||     1
 Stab: Sleeping          |     2 |     3 ||     5
Armor: Skin              |    69 |    34 ||   103
Dodge: Dodged            |   136 |    93 ||   229
